Map: Thunderbird LE

Players

pHARM - Winner!

  • Race: Zerg Zerg
  • League: Platinum
  • Spawn Location: 11:00

Legola

  • Race: Zerg Zerg
  • League: Diamond
  • Spawn Location: 5:00

VOD

Have the link to the VOD?

Description

Time

  • Played on: Sept. 14, 2019, 1:07 a.m.
  • Length: 13:10
Show
View Real Time Build Order
Export as new Build Order

pHARM Zerg - Winner!

Build Orders: Hatch First 

Get SALT Encoding   

  12  0:03  Drone  
  13  0:13  Overlord  
  13  0:18  Drone  
  14  0:36  Drone  
  14  0:37  Drone  
  16  0:53  Hatchery  
  16  0:56  Drone  
  16  1:02  Drone x2  
  18  1:17  Spawning Pool  
  17  1:21  Drone  
  17  1:23  Drone  
  19  1:32  Drone  
  20  1:39  Extractor  
  19  1:43  Drone  
  20  2:00  Overlord  
  20  2:05  Queen x2  
  24  2:13  Drone x2  
  26  2:16  Overlord  
  26  2:25  Drone x2  
  28  2:38  Drone x3  
  31  2:47  Pneumatized Carapace  
  31  2:51  Queen  
  33  3:00  Drone x4  
  37  3:16  Baneling Nest  
  36  3:20  Drone  
  36  3:23  Drone x4  
  36  3:24  Drone x3  
  44  3:38  Evolution Chamber  
  43  3:42  Roach Warren  
  43  3:48  Extractor  
  41  3:49  Extractor  
  40  3:56  Overlord x2  
  40  3:57  Zergling x8  
  44  4:05  Zerg Missile Weapons Level 1  
  44  4:11  Lair  
  44  4:18  Drone x4  
  44  4:21  Baneling  
  48  4:24  Baneling  
  48  4:28  Drone x4  
  51  4:49  Overlord  
  51  4:50  Overlord  
  51  4:53  Roach x4  
  51  4:58  Hatchery  
  58  5:10  Roach x5  
  68  5:16  Evolution Chamber, Roach  
  67  5:43  Glial Reconstitution  
  67  5:50  Zerg Ground Armor Level 1  
  67  5:57  Drone  
  67  5:59  Drone x7  
  67  6:01  Overlord x5  
  75  6:21  Roach x5  
  82  6:37  Roach x4  
  82  6:39  Zerg Missile Weapons Level 2  
  84  7:15  Hatchery  
  83  7:18  Extractor  
  83  7:19  Hydralisk Den  
  83  7:22  Infestation Pit  
  80  7:38  Overlord x2  
  70  8:17  Muscular Augments  
  66  8:28  Drone x14  
  66  8:29  Drone x4  
  84  8:35  Hydralisk x2  
  88  8:48  Zerg Ground Armor Level 2  
  88  8:52  Hive  
  88  8:55  Extractor  
  87  8:59  Extractor  
  86  9:14  Roach  
  86  9:15  Roach x9  
  106  9:28  Grooved Spines  
  106  9:31  Overlord  
  106  9:32  Overlord x2  
  106  9:40  Roach  
  106  9:41  Roach x6  
  106  9:42  Roach  
  122  10:08  Hydralisk x6  
  122  10:09  Hydralisk x3  
  122  10:11  Zerg Missile Weapons Level 3  
  140  10:20  Lurker Den  
  139  10:24  Spire  
  139  10:26  Hydralisk  
  139  10:27  Hydralisk x8  
  156  10:41  Overlord x4  
  156  10:56  Overlord x2  
  156  11:09  Hatchery  
  155  11:12  Hydralisk x8  
  155  11:15  Overlord x3  
  171  11:43  Hydralisk  
  171  11:44  Hydralisk x10  
  193  11:48  Lurker  
  193  11:49  Lurker  
  195  11:55  Lurker  
  195  11:57  Extractor  
  195  12:00  Drone x5  
  195  12:01  Drone, Extractor  
  200  12:23  Spine Crawler  
  200  12:24  Spine Crawler  
  198  12:34  Drone x2  
Show
View Real Time Build Order
Export as new Build Order

Legola Zerg 

Build Orders: Hatch First 

Get SALT Encoding   

  12  0:03  Drone  
  13  0:11  Drone  
  14  0:39  Hatchery  
  14  0:41  Overlord  
  13  0:52  Extractor  
  13  0:53  Drone  
  13  0:54  Drone  
  14  1:04  Drone  
  15  1:18  Drone  
  16  1:19  Drone, Spawning Pool  
  16  1:27  Drone  
  18  1:40  Drone  
  18  1:54  Drone  
  19  2:11  Drone  
  19  2:12  Drone x3, Baneling Nest  
  19  2:14  Zergling x2  
  23  2:15  Queen  
  25  2:23  Spine Crawler  
  24  2:31  Lair  
  24  2:34  Zergling x4  
  26  2:40  Drone x2  
  28  2:51  Pneumatized Carapace  
  28  2:57  Extractor  
  27  3:01  Drone  
  28  3:24  Overlord x5  
  28  3:34  Overlord  
  28  3:41  Queen  
  29  3:55  Drone x4  
  32  3:56  Drone x2  
  35  4:05  Nydus Network  
  34  4:14  Drone  
  34  4:15  Drone  
  36  4:21  Zergling x4  
  38  4:29  Queen  
  40  4:32  Queen  
  40  4:36  Zergling x4  
  42  5:04  Nydus Canal  
  42  5:06  Zergling x2  
  44  5:07  Zergling x12  
  44  5:08  Zergling x2  
  50  5:15  Zergling x2  
  50  5:17  Metabolic Boost  
  50  5:18  Centrifical Hooks  
  50  5:20  Zergling x4  
  50  5:29  Zergling x2  
  50  5:42  Zergling x2  
  51  5:48  Nydus Canal  
  51  5:54  Zergling x12  
  51  5:55  Zergling x4  
  59  6:04  Zergling x2  
  59  6:09  Baneling x2  
  59  6:10  Baneling x5  
  60  6:13  Zergling x2  
  56  6:30  Zergling x8  
  46  6:45  Zergling x2, Hatchery  
  46  6:46  Zergling x2  
  40  6:58  Zergling x2  
  40  6:59  Zergling x10  
  43  7:08  Queen  
  38  7:09  Queen  
  38  7:10  Zergling x2  
  38  7:11  Zergling x6  
  33  7:24  Zergling x2  
  33  7:25  Zergling x2  
  32  7:34  Zergling x4  
  32  7:35  Roach Warren  
  33  7:44  Queen, Baneling x6  
  31  7:45  Baneling  
  31  7:49  Zergling x2  
  31  7:50  Zergling x2  
  30  7:59  Zergling x6  
  30  8:07  Zergling x2  
  30  8:08  Zergling x2  
  29  8:16  Roach x3  
  33  8:22  Drone  
  32  8:33  Zergling x6  
  35  8:37  Overlord  
  35  8:39  Drone  
  36  8:51  Tunneling Claws  
  36  8:55  Drone x2  
  38  9:02  Drone x2  
  40  9:12  Zergling x4  
  42  9:19  Zergling x2  
  42  9:20  Zergling x2  
  44  9:30  Drone x2  
  46  9:33  Drone  
  47  9:39  Drone  
  47  9:40  Zergling x4  
  50  9:54  Overseer  
  50  9:56  Overseer  
  50  9:57  Zergling x6  
  53  10:01  Drone x2  
  53  10:02  Drone  
  56  10:08  Zergling x4, Extractor  
  57  10:15  Baneling x2  
  57  10:20  Drone x2  
  59  10:22  Extractor  
  59  10:26  Extractor  
  57  10:39  Zergling x2, Drone x4  
  57  10:40  Drone x2  
  57  10:41  Overseer  
  64  10:46  Drone  
  64  10:47  Drone, Extractor  
  65  10:51  Glial Reconstitution  
  65  11:01  Evolution Chamber  
  64  11:11  Baneling x2  
  64  11:13  Zergling x8  
  64  11:14  Roach x2  
  64  11:15  Roach x2  
  76  11:22  Overlord  
  76  11:46  Drone  
  76  11:47  Drone x5  
  78  11:49  Overlord x2  
  82  12:03  Spire  
  82  12:04  Overlord x2  
  81  12:21  Roach  
  81  12:22  Roach x5  
  92  12:43  Overseer  
  58  12:52  Zergling x12  
Tags
 
Add a new tag
Caveats
  • Supply blocks, unpowered buildings, or Contaminate may cause inaccurate times.
  • Supply counts are checked every 10 seconds.